[Event "Live Chess"]
[Site "Chess.com"]
[Date "2011.02.01"]
[Round "-"]
[White "Fishrman"]
[Black "hipposcottimus"]
[Result "0-1"]
[CurrentPosition "8/6k1/4R1p1/2p5/8/2P2P2/PP3KPP/8 w - -"]
[Timezone "UTC"]
[ECO "C65"]
[ECOUrl "https://www.chess.com/openings/Ruy-Lopez-Opening-Berlin-Defense-4.O-O"]
[UTCDate "2011.02.01"]
[UTCTime "06:04:05"]
[WhiteElo "1622"]
[BlackElo "1774"]
[TimeControl "60"]
[Termination "hipposcottimus won on time"]
[StartTime "06:04:05"]
[EndDate "2011.02.01"]
[EndTime "06:06:19"]
[Link "https://www.chess.com/game/live/93543672"]

1. e4 e5 2. Nf3 Nc6 3. Bb5 Nf6 4. O-O a6 5. Ba4 Be7 6. Re1 O-O 7. c3 b5 8. Bc2 d5 9. exd5 Qxd5 10. d4 exd4 11. Nxd4 Bb7 12. Nxc6 Bxc6 13. f3 Bc5+ 14. Kh1 Ng4 15. Qxd5 Nf2+ 16. Kg1 Bxd5 17. Be3 Bxe3 18. Rxe3 Rfe8 19. Kxf2 Rxe3 20. Kxe3 Re8+ 21. Kf2 f5 22. Nd2 g6 23. Re1 Rd8 24. Bb3 Bc4 25. Nxc4 bxc4 26. Bxc4+ Kg7 27. Bxa6 Kh6 28. Re2 Rd3 29. Bxd3 c6 30. Bxf5 c5 31. Bxg6 hxg6 32. Re6 Kg7 0-1

[Event "Live Chess"]
[Site "Chess.com"]
[Date "2011.02.01"]
[Round "-"]
[White "hipposcottimus"]
[Black "yogendra077"]
[Result "1-0"]
[CurrentPosition "6Q1/p1p2pk1/2p2Npp/6P1/8/1P5P/6KP/4R3 b - -"]
[Timezone "UTC"]
[ECO "B02"]
[ECOUrl "https://www.chess.com/openings/Alekhines-Defense-Brooklyn-Variation-3.d4"]
[UTCDate "2011.02.01"]
[UTCTime "06:00:34"]
[WhiteElo "1769"]
[BlackElo "1881"]
[TimeControl "60"]
[Termination "hipposcottimus won by checkmate"]
[StartTime "06:00:34"]
[EndDate "2011.02.01"]
[EndTime "06:02:36"]
[Link "https://www.chess.com/game/live/93542986"]

1. e4 Nf6 2. e5 Ng8 3. d4 e6 4. Nf3 d5 5. c4 dxc4 6. Bxc4 Nc6 7. Nc3 Bd7 8. d5 exd5 9. Bxd5 Be6 10. Bxc6+ bxc6 11. Bd2 Nh6 12. O-O g6 13. Ng5 Bg7 14. Nf3 O-O 15. Bxh6 Bxh6 16. Qb3 Bg7 17. Qc2 Bf5 18. Qe2 Be6 19. Qe3 Qd7 20. Ng5 Qe7 21. f4 Bf5 22. Rf3 Bh6 23. Rh3 Bxg5 24. fxg5 Bxh3 25. Qxh3 Qe6 26. Ne4 Qxh3 27. Nf6+ Kg7 28. gxh3 Rad8 29. Re1 Rd2 30. b3 Rfd8 31. e6 R8d3 32. e7 Rxa2 33. e8=Q Rg2+ 34. Kxg2 Rd2+ 35. Kg1 Rg2+ 36. Kxg2 h6 37. Qg8# 1-0

[Event "Live Chess"]
[Site "Chess.com"]
[Date "2011.02.01"]
[Round "-"]
[White "yogendra077"]
[Black "hipposcottimus"]
[Result "1-0"]
[CurrentPosition "4r2k/p2r3p/6p1/4p3/1p6/1P3PP1/4R2P/B5K1 b - -"]
[Timezone "UTC"]
[ECO "A10"]
[ECOUrl "https://www.chess.com/openings/English-Opening-Jaenisch-Gambit"]
[UTCDate "2011.02.01"]
[UTCTime "05:57:41"]
[WhiteElo "1891"]
[BlackElo "1757"]
[TimeControl "60"]
[Termination "yogendra077 won on time"]
[StartTime "05:57:41"]
[EndDate "2011.02.01"]
[EndTime "05:59:59"]
[Link "https://www.chess.com/game/live/93542404"]

1. c4 b5 2. Nc3 bxc4 3. e3 Ba6 4. e4 e5 5. Nf3 d6 6. Bd3 Nf6 7. Be2 Be7 8. O-O O-O 9. d3 c5 10. dxc4 Nc6 11. Nd5 Nxe4 12. Bd3 Nf6 13. Bb1 Nxd5 14. Qd3 Nf6 15. Ng5 Nb4 16. Qf5 g6 17. Qh3 Bxc4 18. a3 Be6 19. Nxe6 fxe6 20. axb4 cxb4 21. b3 Qb6 22. Bb2 Qc5 23. Bc2 Qd5 24. Rad1 Qb5 25. Qf3 Rac8 26. Qh3 Rxc2 27. Qxe6+ Kh8 28. Qxe7 Qe8 29. Qxe8 Rxe8 30. Ba1 Rcc8 31. f3 Rcd8 32. Rd2 d5 33. Rfd1 d4 34. Rd3 Nd5 35. R3d2 Nf4 36. Rf2 d3 37. g3 Ne2+ 38. Rxe2 dxe2 39. Re1 Rd7 40. Rxe2 1-0

[Event "Live Chess"]
[Site "Chess.com"]
[Date "2011.02.01"]
[Round "-"]
[White "hipposcottimus"]
[Black "yogendra077"]
[Result "0-1"]
[CurrentPosition "2k5/pb1p4/6p1/2p1p3/2P1P2P/3P1NN1/1q3rPK/8 w - -"]
[Timezone "UTC"]
[ECO "B20"]
[ECOUrl "https://www.chess.com/openings/Sicilian-Defense"]
[UTCDate "2011.02.01"]
[UTCTime "05:54:41"]
[WhiteElo "1762"]
[BlackElo "1886"]
[TimeControl "60"]
[Termination "yogendra077 won on time"]
[StartTime "05:54:41"]
[EndDate "2011.02.01"]
[EndTime "05:56:54"]
[Link "https://www.chess.com/game/live/93541829"]

1. e4 c5 2. Bb5 Nc6 3. Bxc6 bxc6 4. c4 e5 5. d3 Nf6 6. Nc3 g6 7. f4 Bg7 8. fxe5 Ng8 9. Nf3 Qe7 10. Bf4 f6 11. O-O fxe5 12. Bg5 Bf6 13. Qd2 Bxg5 14. Nxg5 Bb7 15. Rf7 Qd6 16. Raf1 O-O-O 17. a3 Qd4+ 18. Kh1 Nh6 19. Nxh7 Ng4 20. h3 Ne3 21. R1f2 Qd6 22. b4 cxb4 23. axb4 Qxb4 24. Qxe3 Qb1+ 25. Rf1 Qb4 26. Ne2 Qd6 27. Ng3 c5 28. Ng5 Qd4 29. Rf8 Rhxf8 30. Rxf8 Rxf8 31. Nh7 Rf7 32. Kh2 Qxe3 33. Ng5 Rf2 34. Nf3 Qc1 35. h4 Qb2 0-1

[Event "Live Chess"]
[Site "Chess.com"]
[Date "2011.02.01"]
[Round "-"]
[White "hipposcottimus"]
[Black "doing"]
[Result "1-0"]
[CurrentPosition "r3kb2/pppqpp2/2np4/3n4/3P4/3B2Br/PPP1Q1RP/2KR4 b q -"]
[Timezone "UTC"]
[ECO "B07"]
[ECOUrl "https://www.chess.com/openings/Pirc-Defense"]
[UTCDate "2011.02.01"]
[UTCTime "05:52:49"]
[WhiteElo "1768"]
[BlackElo "1782"]
[TimeControl "60"]
[Termination "hipposcottimus won by resignation"]
[StartTime "05:52:49"]
[EndDate "2011.02.01"]
[EndTime "05:54:05"]
[Link "https://www.chess.com/game/live/93541540"]

1. e4 d6 2. Ne2 Nf6 3. d4 Nxe4 4. f3 Nf6 5. Ng3 h5 6. Bc4 h4 7. Ne2 h3 8. Bf4 hxg2 9. Rg1 Bh3 10. Bg3 g5 11. Bd3 Nc6 12. Nd2 Nd5 13. Ne4 g4 14. Ng5 gxf3 15. Nxh3 fxe2 16. Qxe2 Rxh3 17. Rxg2 Qd7 18. O-O-O 1-0

[Event "Live Chess"]
[Site "Chess.com"]
[Date "2011.02.01"]
[Round "-"]
[White "hipposcottimus"]
[Black "smpcorporation"]
[Result "1-0"]
[CurrentPosition "4rrk1/p4q1p/1p3ppN/8/2P5/1P4Q1/P5PP/2R2RK1 b - -"]
[Timezone "UTC"]
[ECO "C40"]
[ECOUrl "https://www.chess.com/openings/Kings-Pawn-Opening-Kings-Knight-Variation"]
[UTCDate "2011.02.01"]
[UTCTime "05:50:27"]
[WhiteElo "1768"]
[BlackElo "1476"]
[TimeControl "60"]
[Termination "hipposcottimus won on time"]
[StartTime "05:50:27"]
[EndDate "2011.02.01"]
[EndTime "05:52:23"]
[Link "https://www.chess.com/game/live/93541084"]

1. e4 e5 2. Nf3 Be7 3. Bc4 Nf6 4. d4 Nc6 5. d5 Nd4 6. Nxd4 exd4 7. Qxd4 O-O 8. Qe3 d6 9. O-O Bd7 10. f3 Qe8 11. Be2 Bb5 12. c4 Bd7 13. Nc3 c5 14. f4 Bg4 15. e5 Bxe2 16. Nxe2 Nd7 17. Ng3 dxe5 18. fxe5 f6 19. d6 Bd8 20. e6 Ne5 21. e7 Bxe7 22. dxe7 Qxe7 23. Nf5 Qf7 24. Qxc5 Rac8 25. Qf2 b6 26. b3 Nd3 27. Qf3 Nxc1 28. Raxc1 Rce8 29. Qg3 g6 30. Nh6+ 1-0

[Event "Live Chess"]
[Site "Chess.com"]
[Date "2011.02.01"]
[Round "-"]
[White "smpcorporation"]
[Black "hipposcottimus"]
[Result "0-1"]
[CurrentPosition "5q1k/p6p/2Q3p1/3p4/3Pp3/2Pbb3/P2r2PP/R5K1 w - -"]
[Timezone "UTC"]
[ECO "A00"]
[ECOUrl "https://www.chess.com/openings/Vant-Kruijs-Opening-1...e5-2.Bc4"]
[UTCDate "2011.02.01"]
[UTCTime "05:48:27"]
[WhiteElo "1479"]
[BlackElo "1765"]
[TimeControl "60"]
[Termination "hipposcottimus won on time"]
[StartTime "05:48:27"]
[EndDate "2011.02.01"]
[EndTime "05:50:13"]
[Link "https://www.chess.com/game/live/93540707"]

1. e3 e5 2. Bc4 d5 3. Be2 c5 4. d4 cxd4 5. exd4 e4 6. Be3 Nc6 7. Nd2 f5 8. f3 Nf6 9. fxe4 fxe4 10. Bh5+ g6 11. Be2 Bg7 12. Bb5 O-O 13. Bxc6 bxc6 14. c3 Ba6 15. Ne2 Bd3 16. O-O Ng4 17. Rxf8+ Qxf8 18. Qf1 Bf6 19. Qe1 Rb8 20. Nf1 Rxb2 21. Nf4 Bg5 22. Nd2 Nxe3 23. Qxe3 Bxf4 24. Qh3 Rxd2 25. Qe6+ Kh8 26. Qxc6 Be3+ 0-1

[Event "Live Chess"]
[Site "Chess.com"]
[Date "2011.02.01"]
[Round "-"]
[White "hipposcottimus"]
[Black "smpcorporation"]
[Result "1-0"]
[CurrentPosition "r2q1rk1/pb1pnp1Q/1pnb2p1/3N2N1/2B1P3/8/PP3PPP/R1B1K2R b KQ -"]
[Timezone "UTC"]
[ECO "B00"]
[ECOUrl "https://www.chess.com/openings/Owens-Defense-2.d4-Bb7"]
[UTCDate "2011.02.01"]
[UTCTime "05:47:34"]
[WhiteElo "1762"]
[BlackElo "1482"]
[TimeControl "60"]
[Termination "hipposcottimus won by checkmate"]
[StartTime "05:47:34"]
[EndDate "2011.02.01"]
[EndTime "05:48:18"]
[Link "https://www.chess.com/game/live/93540519"]

1. e4 b6 2. d4 Bb7 3. d5 c6 4. c4 cxd5 5. cxd5 e6 6. Nc3 exd5 7. Nxd5 Bd6 8. Nf3 Ne7 9. Bc4 O-O 10. Ng5 Nbc6 11. Qh5 g6 12. Qxh7# 1-0

[Event "Live Chess"]
[Site "Chess.com"]
[Date "2011.02.01"]
[Round "-"]
[White "doing"]
[Black "hipposcottimus"]
[Result "0-1"]
[CurrentPosition "r4rk1/3N2pp/1q2p3/3p1p2/3P4/3nP3/3N1PPP/1R2K2R w K -"]
[Timezone "UTC"]
[ECO "D00"]
[ECOUrl "https://www.chess.com/openings/Queens-Pawn-Opening-1...d5-2.e3"]
[UTCDate "2011.02.01"]
[UTCTime "05:46:12"]
[WhiteElo "1782"]
[BlackElo "1759"]
[TimeControl "60"]
[Termination "hipposcottimus won by resignation"]
[StartTime "05:46:12"]
[EndDate "2011.02.01"]
[EndTime "05:47:17"]
[Link "https://www.chess.com/game/live/93540204"]

1. d4 d5 2. e3 c6 3. Nf3 e6 4. c4 Bb4+ 5. Bd2 Bxd2+ 6. Nbxd2 Ne7 7. cxd5 cxd5 8. a3 O-O 9. Bb5 f5 10. b4 a6 11. Bd3 b5 12. a4 Bd7 13. axb5 Qb6 14. bxa6 Nxa6 15. Qb3 Nxb4 16. Rb1 Nec6 17. Ne5 Nxd3+ 18. Qxd3 Nb4 19. Nxd7 Nxd3+ 0-1

[Event "Live Chess"]
[Site "Chess.com"]
[Date "2011.02.01"]
[Round "-"]
[White "Chuluut"]
[Black "hipposcottimus"]
[Result "0-1"]
[CurrentPosition "7k/1p3rpp/p7/5p2/P3nP2/4P2P/3r2q1/1R2QRK1 w - -"]
[Timezone "UTC"]
[ECO "D31"]
[ECOUrl "https://www.chess.com/openings/Queens-Gambit-Declined-Semi-Slav-Defense-Accelerated-Move-Order"]
[UTCDate "2011.02.01"]
[UTCTime "05:43:28"]
[WhiteElo "1705"]
[BlackElo "1759"]
[TimeControl "60"]
[Termination "hipposcottimus won by checkmate"]
[StartTime "05:43:28"]
[EndDate "2011.02.01"]
[EndTime "05:45:39"]
[Link "https://www.chess.com/game/live/93539625"]

1. d4 d5 2. c4 c6 3. Nc3 e6 4. e3 Bb4 5. Nf3 Bxc3+ 6. bxc3 Nf6 7. cxd5 cxd5 8. c4 Nc6 9. cxd5 Qxd5 10. Be2 Qa5+ 11. Bd2 Qd8 12. O-O O-O 13. Bb5 Ne4 14. Bc1 Ne7 15. Bb2 f5 16. Bd3 Qd5 17. a3 Bd7 18. Rb1 a6 19. Ne5 Bb5 20. Bxb5 Qxb5 21. f3 Nd6 22. f4 Qe8 23. a4 Ne4 24. Ba3 Rf6 25. d5 exd5 26. Bxe7 Qxe7 27. Qxd5+ Kh8 28. Nf7+ Rxf7 29. Qd4 Rd8 30. Qc3 Rd2 31. Qc1 Qh4 32. Qe1 Qg4 33. h3 Qxg2# 0-1

[Event "Live Chess"]
[Site "Chess.com"]
[Date "2011.02.01"]
[Round "-"]
[White "hipposcottimus"]
[Black "doing"]
[Result "1-0"]
[CurrentPosition "8/5pk1/8/1p1B1Pn1/p7/P1PKR3/1r4PP/8 b - -"]
[Timezone "UTC"]
[ECO "C42"]
[ECOUrl "https://www.chess.com/openings/Petrovs-Defense-Urusov-Gambit"]
[UTCDate "2011.02.01"]
[UTCTime "05:40:45"]
[WhiteElo "1752"]
[BlackElo "1782"]
[TimeControl "60"]
[Termination "hipposcottimus won on time"]
[StartTime "05:40:45"]
[EndDate "2011.02.01"]
[EndTime "05:42:59"]
[Link "https://www.chess.com/game/live/93539031"]

1. e4 e5 2. Nf3 Nf6 3. Bc4 Bd6 4. d3 O-O 5. Nc3 a6 6. Bg5 Be7 7. Bb3 d6 8. d4 h6 9. Bxf6 Bxf6 10. dxe5 dxe5 11. O-O Qxd1 12. Raxd1 Bg4 13. Rd3 Bxf3 14. Rxf3 c6 15. Re3 b5 16. f4 Re8 17. f5 a5 18. a3 a4 19. Ba2 Nd7 20. Ne2 Nc5 21. Ng3 Rad8 22. Nh5 Nd7 23. Rc3 Rc8 24. Rd3 Rcd8 25. Rd6 Nc5 26. Rxc6 Nxe4 27. c3 Nd2 28. Rf2 e4 29. Nxf6+ gxf6 30. Rxf6 e3 31. Re2 Ne4 32. Rxh6 Kg7 33. Rh3 Ng5 34. Rhxe3 Rxe3 35. Rxe3 Rd1+ 36. Kf2 Rd2+ 37. Ke1 Rxb2 38. Bd5 Rb1+ 39. Kd2 Rb2+ 40. Kd3 1-0

[Event "Live Chess"]
[Site "Chess.com"]
[Date "2011.02.01"]
[Round "-"]
[White "yogendra077"]
[Black "hipposcottimus"]
[Result "0-1"]
[CurrentPosition "1r4k1/p1p3pp/3p2n1/4pr2/2P5/1P2B1PN/P2Q1PqP/1R2R1Kb w - -"]
[Timezone "UTC"]
[ECO "A10"]
[ECOUrl "https://www.chess.com/openings/English-Opening-Jaenisch-Gambit"]
[UTCDate "2011.02.01"]
[UTCTime "05:37:56"]
[WhiteElo "1849"]
[BlackElo "1752"]
[TimeControl "60"]
[Termination "hipposcottimus won by checkmate"]
[StartTime "05:37:56"]
[EndDate "2011.02.01"]
[EndTime "05:39:28"]
[Link "https://www.chess.com/game/live/93538552"]

1. c4 b5 2. Nc3 bxc4 3. e4 Ba6 4. Nf3 d6 5. d3 e5 6. dxc4 Be7 7. g3 Nc6 8. Bg2 Nf6 9. O-O O-O 10. b3 Bb7 11. Nd5 Rb8 12. Nxf6+ Bxf6 13. Bb2 Bg5 14. Rb1 Ne7 15. Nxg5 Ng6 16. Bc1 f6 17. Nh3 f5 18. Bg5 Qe8 19. exf5 Rxf5 20. Be4 Bxe4 21. Re1 Qc6 22. Be3 Bh1 23. Qd2 Qg2# 0-1

[Event "Live Chess"]
[Site "Chess.com"]
[Date "2011.02.01"]
[Round "-"]
[White "hipposcottimus"]
[Black "yogendra077"]
[Result "1-0"]
[CurrentPosition "3rk1r1/p1pbQp1p/4p1p1/6B1/3P4/8/PPP1BPPP/RN3RK1 b - -"]
[Timezone "UTC"]
[ECO "B02"]
[ECOUrl "https://www.chess.com/openings/Alekhines-Defense-Brooklyn-Variation-3.d4-d6"]
[UTCDate "2011.02.01"]
[UTCTime "05:36:32"]
[WhiteElo "1740"]
[BlackElo "1859"]
[TimeControl "60"]
[Termination "hipposcottimus won by checkmate"]
[StartTime "05:36:32"]
[EndDate "2011.02.01"]
[EndTime "05:37:32"]
[Link "https://www.chess.com/game/live/93538249"]

1. e4 Nf6 2. e5 Ng8 3. d4 d6 4. Nf3 dxe5 5. Nxe5 Nc6 6. Qe2 e6 7. Qb5 Bd6 8. Nxc6 bxc6 9. Qxc6+ Bd7 10. Qf3 Qf6 11. Be2 Rd8 12. Be3 Nh6 13. O-O g6 14. Qxf6 Rf8 15. Bxh6 Rg8 16. Bg5 Be7 17. Qxe7# 1-0

[Event "Live Chess"]
[Site "Chess.com"]
[Date "2011.02.01"]
[Round "-"]
[White "hipposcottimus"]
[Black "CONGOMON"]
[Result "1-0"]
[CurrentPosition "8/5R2/p6p/1p6/3kP3/7P/1PB3P1/6K1 b - -"]
[Timezone "UTC"]
[ECO "C00"]
[ECOUrl "https://www.chess.com/openings/Pirc-Defense-Small-Center-Defense"]
[UTCDate "2011.02.01"]
[UTCTime "05:34:24"]
[WhiteElo "1728"]
[BlackElo "1414"]
[TimeControl "60"]
[Termination "hipposcottimus won by resignation"]
[StartTime "05:34:24"]
[EndDate "2011.02.01"]
[EndTime "05:36:09"]
[Link "https://www.chess.com/game/live/93537788"]

1. e4 e6 2. d4 d6 3. f4 h6 4. Nf3 g5 5. c4 gxf4 6. Bxf4 e5 7. dxe5 dxe5 8. Qxd8+ Kxd8 9. Nxe5 Be7 10. Nxf7+ Ke8 11. Nxh8 Nf6 12. Ng6 Kf7 13. Ne5+ Ke6 14. Nc3 Bd6 15. Nd5 Bxe5 16. Bxe5 Kxe5 17. Bd3 Bg4 18. Nxf6 Kxf6 19. O-O+ Ke5 20. h3 Bd7 21. Rad1 c6 22. Bc2 Be6 23. Rf8 Bxc4 24. Rdd8 b5 25. Rxb8 Rxb8 26. Rxb8 Kd4 27. Rc8 Bxa2 28. Rxc6 Bf7 29. Rc7 a6 30. Rxf7 1-0

[Event "Live Chess"]
[Site "Chess.com"]
[Date "2011.02.01"]
[Round "-"]
[White "hipposcottimus"]
[Black "hansjaru"]
[Result "1-0"]
[CurrentPosition "3rr1kb/p4p2/1p3Pp1/2ppB3/3P3Q/7R/P1P3PP/6K1 b - -"]
[Timezone "UTC"]
[ECO "B01"]
[ECOUrl "https://www.chess.com/openings/Scandinavian-Defense-Mieses-Kotrc-Variation-3.Nc3-Qd8-4.d4-c6"]
[UTCDate "2011.02.01"]
[UTCTime "05:31:42"]
[WhiteElo "1726"]
[BlackElo "1588"]
[TimeControl "60"]
[Termination "hipposcottimus won on time"]
[StartTime "05:31:42"]
[EndDate "2011.02.01"]
[EndTime "05:33:32"]
[Link "https://www.chess.com/game/live/93537206"]

1. e4 d5 2. exd5 Qxd5 3. Nc3 Qd8 4. d4 c6 5. Nf3 Nf6 6. Be2 e6 7. Bg5 g6 8. O-O Nbd7 9. Ne5 Bg7 10. Nxd7 Qxd7 11. Bg4 O-O 12. Bh3 Qc7 13. f4 Nd5 14. f5 Qb6 15. Nxd5 exd5 16. Be3 Qxb2 17. Rf2 Qa3 18. Bd2 Qd6 19. Bf4 Qd7 20. Be5 Qd8 21. f6 Bh8 22. Bxc8 Rxc8 23. Qf3 Qd7 24. Qg3 Qf5 25. Rxf5 b6 26. Rh5 Rcd8 27. Rxh7 Kxh7 28. Qh4+ Kg8 29. Rf1 c5 30. Rf3 Rfe8 31. Rh3 1-0

[Event "Live Chess"]
[Site "Chess.com"]
[Date "2011.02.01"]
[Round "-"]
[White "hansjaru"]
[Black "hipposcottimus"]
[Result "0-1"]
[CurrentPosition "4r2k/p1Q2p1p/1p6/8/3P4/P2bP1P1/1P1BqP1P/R1R1K3 w - -"]
[Timezone "UTC"]
[ECO "D00"]
[ECOUrl "https://www.chess.com/openings/Queens-Pawn-Opening-1...d5-2.c3"]
[UTCDate "2011.02.01"]
[UTCTime "05:29:23"]
[WhiteElo "1593"]
[BlackElo "1721"]
[TimeControl "60"]
[Termination "hipposcottimus won by checkmate"]
[StartTime "05:29:23"]
[EndDate "2011.02.01"]
[EndTime "05:30:50"]
[Link "https://www.chess.com/game/live/93536810"]

1. d4 d5 2. c3 c6 3. Nf3 e6 4. g3 Nf6 5. Bg2 Nbd7 6. O-O Bd6 7. Qb3 e5 8. Qc2 e4 9. Nfd2 O-O 10. e3 c5 11. a3 cxd4 12. cxd4 b6 13. Qb3 Ba6 14. Re1 Rc8 15. Nc3 Ng4 16. Nxd5 Nh6 17. Nxe4 Nf5 18. Nxd6 Rc6 19. Nxf5 g6 20. Nde7+ Kh8 21. Bxc6 Qc7 22. Bxd7 Qxd7 23. Bd2 Re8 24. Rec1 gxf5 25. Nxf5 Qxf5 26. Qc2 Bd3 27. Qc3 Be4 28. Qc7 Qf3 29. Kf1 Bd3+ 30. Ke1 Qe2# 0-1

[Event "Live Chess"]
[Site "Chess.com"]
[Date "2011.02.01"]
[Round "-"]
[White "secretidentityx"]
[Black "hipposcottimus"]
[Result "0-1"]
[CurrentPosition "k2r4/pp1q2pp/8/n3p1P1/3p4/1P6/P2Q4/K1B5 w - -"]
[Timezone "UTC"]
[ECO "A00"]
[ECOUrl "https://www.chess.com/openings/Kings-Fianchetto-Opening-1...e5"]
[UTCDate "2011.02.01"]
[UTCTime "05:26:49"]
[WhiteElo "1708"]
[BlackElo "1716"]
[TimeControl "60"]
[Termination "hipposcottimus won on time"]
[StartTime "05:26:49"]
[EndDate "2011.02.01"]
[EndTime "05:29:01"]
[Link "https://www.chess.com/game/live/93536287"]

1. g3 e5 2. e4 d5 3. d3 d4 4. b3 c5 5. Bb2 f5 6. Nd2 Nf6 7. Ne2 fxe4 8. dxe4 Bg4 9. Bg2 Bd6 10. f3 Bd7 11. g4 Bb5 12. h4 Bxe2 13. Qxe2 Nc6 14. g5 Nd7 15. Bh3 Qc7 16. O-O-O O-O-O 17. Nc4 Kb8 18. Nxd6 Qxd6 19. Bxd7 Qxd7 20. Qc4 Rc8 21. c3 Na5 22. Qe2 Qc7 23. cxd4 cxd4+ 24. Kb1 Qf7 25. Rc1 Nc6 26. Qc4 Qxf3 27. Qd5 Qg4 28. Qd6+ Ka8 29. Rc2 Qxe4 30. Rc1 Na5 31. Ka1 Rxc2 32. Rxc2 Qxc2 33. Qa3 Qd1+ 34. Bc1 Qg4 35. Qb2 Qxh4 36. Qd2 Qg4 37. Qe2 Qd7 38. Qd2 Qc8 39. Qc2 Rd8 40. Qd2 Qd7 0-1

[Event "Live Chess"]
[Site "Chess.com"]
[Date "2011.02.01"]
[Round "-"]
[White "hipposcottimus"]
[Black "rodolf"]
[Result "0-1"]
[CurrentPosition "5bk1/3p1p1p/2p1p1p1/2P1P3/3P1P2/7P/r4qP1/5K2 w - -"]
[Timezone "UTC"]
[ECO "B06"]
[ECOUrl "https://www.chess.com/openings/Modern-Defense-with-1-e4"]
[UTCDate "2011.02.01"]
[UTCTime "05:23:49"]
[WhiteElo "1708"]
[BlackElo "1568"]
[TimeControl "60"]
[Termination "rodolf won by checkmate"]
[StartTime "05:23:49"]
[EndDate "2011.02.01"]
[EndTime "05:25:31"]
[Link "https://www.chess.com/game/live/93535682"]

1. e4 g6 2. e5 Bg7 3. d4 e6 4. f4 c6 5. c4 b5 6. b3 bxc4 7. bxc4 a5 8. Nf3 a4 9. Be2 Qa5+ 10. Bd2 Qb6 11. O-O Na6 12. c5 Qc7 13. Bxa6 Bxa6 14. Qe2 Bxe2 15. Rf2 Bxf3 16. Nc3 Ra5 17. Rxf3 Ne7 18. Rb1 Nf5 19. Rb4 O-O 20. Nxa4 Rxa4 21. Rxa4 Rb8 22. Rf1 Bf8 23. Rc4 Rb2 24. Bc3 Rxa2 25. Be1 Ne3 26. Rf3 Nxc4 27. Bh4 Qa5 28. Rf1 Qd2 29. Bf2 Ne3 30. h3 Nxf1 31. Kxf1 Qxf2# 0-1

[Event "Live Chess"]
[Site "Chess.com"]
[Date "2011.02.01"]
[Round "-"]
[White "rodolf"]
[Black "hipposcottimus"]
[Result "0-1"]
[CurrentPosition "5r1k/6pp/p3q3/1p1b4/2pPp1n1/2P1Q1P1/PP3BBP/R3K2R w KQ -"]
[Timezone "UTC"]
[ECO "B01"]
[ECOUrl "https://www.chess.com/openings/Scandinavian-Defense-Mieses-Kotrc-Variation"]
[UTCDate "2011.02.01"]
[UTCTime "05:21:37"]
[WhiteElo "1556"]
[BlackElo "1718"]
[TimeControl "60"]
[Termination "hipposcottimus won on time"]
[StartTime "05:21:37"]
[EndDate "2011.02.01"]
[EndTime "05:23:31"]
[Link "https://www.chess.com/game/live/93535198"]

1. e4 d5 2. exd5 Qxd5 3. Ne2 Qd8 4. d3 e5 5. f3 f5 6. Be3 Nf6 7. Bf2 c5 8. g3 Nc6 9. Nd2 Bd6 10. Nb3 O-O 11. Qd2 Na5 12. Nxa5 b6 13. Nc4 Qc7 14. Nxd6 Qxd6 15. Nc3 Bb7 16. Be2 e4 17. fxe4 fxe4 18. Nb5 Qc6 19. d4 a6 20. Nc3 c4 21. Nd1 Rad8 22. c3 Rd5 23. Ne3 Rd6 24. Nf5 Rd5 25. Bf1 Kh8 26. Ne3 Rd6 27. Bg2 b5 28. Nf5 Rd5 29. Ne7 Qe6 30. Nxd5 Bxd5 31. Qe3 Ng4 0-1

[Event "Live Chess"]
[Site "Chess.com"]
[Date "2011.02.01"]
[Round "-"]
[White "hipposcottimus"]
[Black "rodolf"]
[Result "1-0"]
[CurrentPosition "8/p7/8/5qk1/3NB3/7P/PPP1Q1P1/6K1 b - -"]
[Timezone "UTC"]
[ECO "B07"]
[ECOUrl "https://www.chess.com/openings/Pirc-Defense-Maroczy-Defense"]
[UTCDate "2011.02.01"]
[UTCTime "05:19:12"]
[WhiteElo "1713"]
[BlackElo "1561"]
[TimeControl "60"]
[Termination "hipposcottimus won on time"]
[StartTime "05:19:12"]
[EndDate "2011.02.01"]
[EndTime "05:21:19"]
[Link "https://www.chess.com/game/live/93534698"]

1. e4 e5 2. d4 d6 3. d5 Bd7 4. f4 Bg4 5. Qxg4 h6 6. fxe5 dxe5 7. Nf3 Be7 8. Nxe5 Nd7 9. Qxg7 Ngf6 10. Qxh8+ Nf8 11. Qxh6 Nxe4 12. Bb5+ c6 13. dxc6 bxc6 14. Bxc6+ Nd7 15. Qh8+ Bf8 16. Bh6 Ke7 17. O-O Nef6 18. Rxf6 Nxf6 19. Bxf8+ Qxf8 20. Qh4 Qg7 21. Qb4+ Ke6 22. Bxa8 Kxe5 23. Qc3+ Kf5 24. Nd2 Kg5 25. Nf3+ Kh6 26. Qd3 Ng4 27. Qd2+ Kh5 28. Rf1 f5 29. Bd5 Qg6 30. h3 Nf6 31. Nd4 Ne4 32. Rxf5+ Qxf5 33. Qe2+ Kg5 34. Bxe4 1-0

[Event "Live Chess"]
[Site "Chess.com"]
[Date "2011.02.01"]
[Round "-"]
[White "rodolf"]
[Black "hipposcottimus"]
[Result "0-1"]
[CurrentPosition "3r3k/p5pp/1p6/3q1r2/3Pp3/1NP1Q3/PPK3PP/R1B4R w - -"]
[Timezone "UTC"]
[ECO "C20"]
[ECOUrl "https://www.chess.com/openings/Kings-Pawn-Opening-Leonardis-Variation-2...d5"]
[UTCDate "2011.02.01"]
[UTCTime "05:16:49"]
[WhiteElo "1566"]
[BlackElo "1708"]
[TimeControl "60"]
[Termination "hipposcottimus won on time"]
[StartTime "05:16:49"]
[EndDate "2011.02.01"]
[EndTime "05:18:57"]
[Link "https://www.chess.com/game/live/93534201"]

1. e4 e5 2. d3 d5 3. f3 dxe4 4. fxe4 f5 5. Nc3 fxe4 6. Nxe4 Bf5 7. Qf3 Bxe4 8. Qxe4 Nc6 9. Be2 Nf6 10. Qe3 b6 11. Bf3 Bc5 12. Qg5 Qd6 13. Ne2 O-O 14. Nc3 Bd4 15. Nb5 Qc5 16. Nxc7 Bf2+ 17. Kd2 Rad8 18. Ne6 Qa5+ 19. c3 Be3+ 20. Qxe3 Nd5 21. Bxd5 Nd4 22. Nxd4+ Kh8 23. Nb3 Qxd5 24. Kc2 e4 25. d4 Rf5 0-1